 Dungeon Crawl Stone Soup version 0.30-a0-802-gb92711bcdf (webtiles) character file.

Game seed: 5139285979007057996

23467 retardedninja the Blocker (level 13, -3/103 (104) HPs)
             Began as a Gnoll Fighter on Feb 23, 2023.
             Was an Initiate of Gozag.
             Slain by a komodo dragon (19 damage)
             ... on level 4 of the Lair of Beasts.
             The game lasted 00:30:45 (18148 turns).

retardedninja the Blocker (Gnoll Fighter)          Turns: 18148, Time: 00:30:46

HP:   -3/103 (104)  AC: 26    Str: 22    XL:     13   Next: 6%
MP:   25/25         EV:  9    Int:  7    God:    Gozag
Gold: 1033          SH: 12    Dex: 14    Spells: 28/28 levels left

rFire   + . .      SeeInvis +    a - +3 flail (flame)
rCold   + . .      Faith    .    j - +1 kite shield {rC+ rF+}
rNeg    . . .      Spirit   .    n - +3 plate armour
rPois   +          Reflect  .    y - +0 helmet "Laodduq" {Rampage Dex+3 SInv}
rElec   .          Harm     .    g - +0 cloak
rCorr   .          Rampage  +    F - +0 pair of gloves
Will    .....                    (no boots) Stlth
                                 p - amulet of regeneration
HPRegen 1.17/turn                u - ring of poison resistance
MPRegen 0.19/turn                b - +4 ring of protection

@: gold aura, lightly drained
A: fangs 1, strong nose, distributed training
a: Renounce Religion, Potion Petition, Call Merchant, Bribe Branch


You were on level 4 of the Lair of Beasts.
You worshipped Gozag.
Gozag was most pleased with you.
You visited 3 branches of the dungeon, and saw 15 of its levels.
You also visited: Sewer.

You collected 2920 gold pieces.
You paid 1887 gold pieces to Gozag.

Inventory:

Hand Weapons
 a - a +3 flail of flaming (weapon)
Armour
 g - a +0 cloak (worn)
 j - a +1 kite shield of resistance (worn)
 n - a +3 plate armour (worn)
 y - the +0 helmet "Laodduq" (worn) {Rampage Dex+3 SInv}
   (You found it on level 5 of the Dungeon)

   Dex:       It affects your dexterity (+3).
   SInv:      It lets you see invisible.
   Rampage:   It bestows one free step when moving towards enemies.
 F - a +0 pair of gloves (worn)
Jewellery
 b - a +4 ring of protection (right hand)
 p - an amulet of regeneration (around neck)
 u - a ring of poison resistance (left hand)
Wands
 k - a wand of digging (5)
 l - a wand of flame (37)
 A - a wand of polymorph (11)
 E - a wand of roots (1)
Scrolls
 c - 2 scrolls of identify
 h - 2 scrolls of magic mapping
 i - a scroll of torment
 o - a scroll of vulnerability {unknown}
 G - a scroll of teleportation
Potions
 e - 3 potions of attraction
 f - 5 potions of curing
 m - 4 potions of magic
 r - 3 potions of flight
 v - 2 potions of brilliance
 w - 2 potions of mutation
 B - a potion of lignification
Miscellaneous
 d - a phial of floods (inert)


   Skills:
 + Level 10.5 Fighting
 + Level 8.2 Short Blades
 + Level 8.2 Long Blades
 + Level 8.2 Axes
 + Level 9.4 Maces & Flails
 + Level 8.2 Polearms
 + Level 8.2 Staves
 + Level 8.2 Ranged Weapons
 + Level 8.2 Throwing
 + Level 10.5 Armour
 + Level 8.2 Dodging
 + Level 8.2 Stealth
 + Level 10.5 Shields
 + Level 8.2 Unarmed Combat
 + Level 8.2 Spellcasting
 + Level 6.8 Conjurations
 + Level 6.8 Hexes
 + Level 6.8 Summonings
 + Level 6.8 Necromancy
 + Level 6.8 Translocations
 + Level 6.8 Transmutations
 + Level 6.8 Fire Magic
 + Level 6.8 Ice Magic
 + Level 6.8 Air Magic
 + Level 6.8 Earth Magic
 + Level 6.8 Poison Magic
 + Level 9.0 Invocations
 + Level 8.2 Evocations


You had 28 spell levels left.
You didn't know any spells.
Your spell library contained the following spells:

 Spells                   Type           Power      Damage    Failure   Level
 Slow                     Hex            48%        N/A       34%         1
 Summon Small Mammal      Summ           48%        N/A       34%         1
 Static Discharge         Conj/Air       24%        2-3/arc   47%         2
 Call Canine Familiar     Summ           12%        N/A       71%         3
 Confusing Touch          Hex            12%        N/A       71%         3
 Dazzling Flash           Conj/Hex       24%        N/A       71%         3
 Ignite Poison            Fire/Tmut/Pois 12%        N/A       71%         3
 Kindle Blastsparks       Fire/Tloc/Air  24%        2d12      71%         3
 Summon Guardian Golem    Hex/Summ       12%        N/A       71%         3
 Vampiric Draining        Necr           12%        2d6       71%         3
 Vhi's Electric Charge    Tloc/Air       24%        N/A       71%         3
 Agony                    Necr           12%        N/A       100%        5
 Arcjolt                  Conj/Air       6%         1d16      100%        5
 Freezing Cloud           Conj/Ice/Air   6%         6-21      100%        5
 Lightning Bolt           Conj/Air       6%         1d18      100%        5
 Silence                  Hex/Air        6%         N/A       100%        5


Dungeon Overview and Level Annotations

Branches:
Dungeon (10/15)            Temple (1/1) D:5            Lair (4/5) D:8
  Swamp (0/4) Lair:3        Snake (0/4) Lair:3          Orc (0/2) D:9
  Sewer (visited)
  Slime: Lair:4-5

Altars:
Ashenzari
Cheibriados
Dithmenos
Elyvilon
Fedhas
Gozag
Hepliaklqana
Kikubaaqudgha
Makhleb
Nemelex Xobeh
Okawaru
Qazlal
Ru
Sif Muna
Trog
Uskayaw
Vehumet
Wu Jian
Xom
Yredelemnul
Zin

Annotations:
D:2 1 runed translucent door, Crazy Yiuf


Innate Abilities, Weirdness & Mutations

You have very sharp teeth.
Your uncanny sense of smell can sniff out nearby items.
Your experience applies equally to all skills.


Message History

The yak gores you but does no damage.
You bludgeon the komodo dragon!! You burn the komodo dragon!
You kill the komodo dragon!
You block the yak's attack. x2; The yak gores you but does no damage.
You rampage towards the komodo dragon!
You block the yak's attack.
You rampage towards the komodo dragon!
You hit the komodo dragon. You burn the komodo dragon.
The komodo dragon is lightly wounded.
The komodo dragon bites you!!
* * * LOW HITPOINT WARNING * * *
You sock the komodo dragon! You burn the komodo dragon.
The komodo dragon is moderately wounded.
The komodo dragon hisses menacingly.
The komodo dragon bites you!
* * * LOW HITPOINT WARNING * * *
The yak closely misses you. You block the yak's attack.
You feel much better.
The komodo dragon bites you but does no damage.
You block the yak's attack. The yak gores you! The yak closely misses you.
You feel better. The komodo dragon bites you! You block the yak's attack.
The yak barely misses you. The yak gores you!
* * * LOW HITPOINT WARNING * * *
Unknown command.
You hit the yak. You burn the yak.
The yak is moderately wounded.
The komodo dragon bites you but does no damage.
You block the yak's attack. x2; The yak gores you!
* * * LOW HITPOINT WARNING * * *
You hit the komodo dragon but do no damage.
Your bite misses the komodo dragon.
The komodo dragon is moderately wounded.
The komodo dragon bites you.
* * * LOW HITPOINT WARNING * * *
The yak gores you but does no damage. The yak closely misses you.
You block the yak's attack.
You barely miss the komodo dragon.
The komodo dragon is moderately wounded.
The komodo dragon bites you!!
You die...
Your body crumbles into a pile of gold.

.........##
........<...###
..............#
..............# #######
∆
.............####.#..P##
.....^........#.#.......
....(........###........
........Y.....##........
......l@Y$..............
........Y.........(.....
...............P####....
.##.......##.#### ##...
####...##### ###. #...#
## # ##..## ##### #...#
# .##.# ##..## #


You could see a komodo dragon and 3 yaks.

Vanquished Creatures
  Kirke (Lair:3)
  A boulder beetle (Lair:3)
  A catoblepas (Lair:4)
  A two-headed ogre (D:9)
  3 bog bodies (Lair:3)
  A salamander (Lair:3)
  6 black mambas
  Maurice (D:8)
  Psyche (D:8)
  2 cane toads
  8 komodo dragons
  2 hornets (D:9)
  Grinder (D:6)
  2 polar bears
  4 blink frogs (Lair:1)
  5 dream sheep (Lair:4)
  A shadow (D:9)
  A vampire (D:9)
  14 yaks
  2 basilisks
  A wyvern (D:8)
  A fire elemental (Lair:1)
  2 steam dragons
  Grum (D:8)
  Menkaure (D:4)
  A swamp worm (Lair:3)
  16 water moccasins
  Duvessa (D:6)
  2 black bears
  2 ice beasts
  2 orc warriors
  2 sky beasts
  19 wolves
  10 centaurs
  2 phantoms
  2 kobold brigands (D:9)
  11 bullfrogs
  3 necrophages
  2 scorpions
  3 wights (D:6)
  Dowan (D:6)
  3 killer bees (D:9)
  5 howler monkeys
  An electric eel (Lair:3)
  3 lava snakes (Lair:3)
  5 hounds
  A jelly (D:4)
  3 orc priests
  2 iguanas (D:4)
  Terence (D:3)
  8 orc wizards
  6 hell rats
  7 gnolls
  10 adders
  4 river rats (Sewer)
  4 shadow imps
  2 white imps (D:7)
  2 worms
  4 dart slugs
  23 orcs
  7 endoplasms
  5 giant cockroaches
  6 goblins
  8 hobgoblins
  3 jackals (D:2)
  3 quokkas
  10 ball pythons
  5 bats
  5 frilled lizards
  30 kobolds
  26 rats
345 creatures vanquished.

Vanquished Creatures (collateral kills)
  A wight (D:6)
1 creature vanquished.

Vanquished Creatures (others)
  A yak (Lair:1)
  2 humans (Lair:4)
  A hell rat (Lair:4)
  17 fungi
  18 plants
39 creatures vanquished.

Grand Total: 385 creatures vanquished

Notes
Turn   | Place    | Note
-------+----------+-------------------------------------------
     0 | D:1      | retardedninja the Gnoll Fighter began the quest for the
                  | Orb.
     0 | D:1      | Reached XP level 1. HP: 23/23 MP: 1/1
   152 | D:1      | Reached XP level 2. HP: 25/29 MP: 2/2
   818 | D:2      | Reached XP level 3. HP: 35/35 MP: 3/3
  1086 | D:2      | Reached skill level 1 in Invocations
  1430 | D:2      | Reached skill level 1 in Short Blades
  1430 | D:2      | Reached skill level 1 in Long Blades
  1430 | D:2      | Reached skill level 1 in Axes
  1430 | D:2      | Reached skill level 1 in Polearms
  1430 | D:2      | Reached skill level 1 in Staves
  1430 | D:2      | Reached skill level 1 in Ranged Weapons
  1430 | D:2      | Reached skill level 1 in Throwing
  1430 | D:2      | Reached skill level 1 in Dodging
  1430 | D:2      | Reached skill level 1 in Stealth
  1430 | D:2      | Reached skill level 1 in Unarmed Combat
  1430 | D:2      | Reached skill level 1 in Spellcasting
  1430 | D:2      | Reached skill level 1 in Evocations
  1581 | D:2      | Found a runed translucent door.
  1582 | D:2      | Noticed Crazy Yiuf
  1802 | D:3      | Reached XP level 4. HP: 41/41 MP: 5/5
  2029 | D:3      | Reached skill level 1 in Conjurations
  2029 | D:3      | Reached skill level 1 in Hexes
  2029 | D:3      | Reached skill level 1 in Summonings
  2029 | D:3      | Reached skill level 1 in Necromancy
  2029 | D:3      | Reached skill level 1 in Translocations
  2029 | D:3      | Reached skill level 1 in Transmutations
  2029 | D:3      | Reached skill level 1 in Fire Magic
  2029 | D:3      | Reached skill level 1 in Ice Magic
  2029 | D:3      | Reached skill level 1 in Air Magic
  2029 | D:3      | Reached skill level 1 in Earth Magic
  2029 | D:3      | Reached skill level 1 in Poison Magic
  2199 | D:3      | Noticed Terence
  2209 | D:3      | Killed Terence
  2210 | D:3      | Reached XP level 5. HP: 41/47 MP: 5/7
  2953 | D:4      | Found an iron altar of Okawaru.
  2966 | D:4      | Reached XP level 6. HP: 34/53 MP: 8/8
  3097 | D:4      | Found a stormy altar of Qazlal.
  3134 | D:4      | Noticed Menkaure
  3146 | D:4      | Killed Menkaure
  3147 | D:4      | Reached skill level 5 in Maces & Flails
  3551 | D:3      | Reached XP level 7. HP: 59/59 MP: 10/10
  3719 | D:4      | Found a hazy altar of Hepliaklqana.
  4005 | D:5      | Entered Level 5 of the Dungeon
  4105 | D:5      | Found a staircase to the Ecumenical Temple.
  4137 | Temple   | Entered the Ecumenical Temple
  4137 | Temple   | Found a transporter.
  4137 | Temple   | Found a transporter.
  4139 | Temple   | Found a transporter.
  4139 | Temple   | Found a transporter.
  4153 | Temple   | Became a worshipper of Gozag Ym Sagoz the Greedy
  4641 | D:5      | Identified the +0 helmet "Laodduq" {Rampage Dex+3 SInv}
  4695 | D:5      | Reached XP level 8. HP: 47/67 MP: 12/12
  5158 | D:6      | Found a glowing drain.
  5222 | Sewer    | Entered a sewer
  6230 | D:6      | Noticed Grinder
  6232 | D:6      | Paralysed by Grinder for 4 turns
  6244 | D:6      | Killed Grinder
  6428 | D:6      | Found a basalt altar of Yredelemnul.
  6431 | D:6      | Found a hide-covered altar of Uskayaw.
  6679 | D:6      | Noticed Duvessa
  6680 | D:6      | Noticed Dowan
  6703 | D:6      | Killed Duvessa
  6706 | D:6      | Reached XP level 9. HP: 39/73 MP: 14/14
  6721 | D:6      | Killed Dowan
  7035 | D:6      | Noticed a boulder beetle
  7301 | D:7      | Reached skill level 5 in Invocations
  8269 | D:8      | Found a staircase to the Lair.
  8395 | D:8      | Found a glowing silver altar of Zin.
  8779 | D:8      | Noticed Grum
  8779 | D:8      | Noticed Maurice
  8793 | D:8      | Reached skill level 5 in Short Blades
  8793 | D:8      | Reached skill level 5 in Long Blades
  8793 | D:8      | Reached skill level 5 in Axes
  8793 | D:8      | Reached skill level 5 in Polearms
  8793 | D:8      | Reached skill level 5 in Staves
  8793 | D:8      | Reached skill level 5 in Ranged Weapons
  8793 | D:8      | Reached skill level 5 in Throwing
  8793 | D:8      | Reached skill level 5 in Dodging
  8793 | D:8      | Reached skill level 5 in Stealth
  8793 | D:8      | Reached skill level 5 in Unarmed Combat
  8793 | D:8      | Reached skill level 5 in Spellcasting
  8793 | D:8      | Reached skill level 5 in Evocations
  8793 | D:8      | Reached XP level 10. HP: 56/81 MP: 17/17
  8817 | D:8      | Killed Maurice
  8837 | D:8      | Killed Grum
  8874 | D:8      | Noticed Psyche
  8889 | D:8      | Killed Psyche
  9417 | D:9      | Paralysed by a hornet for 1 turns
  9812 | D:9      | Noticed a two-headed ogre
  9818 | D:9      | Killed a two-headed ogre
 10125 | D:9      | Found a staircase to the Orcish Mines.
 10394 | D:9      | Reached skill level 5 in Conjurations
 10394 | D:9      | Reached skill level 5 in Hexes
 10394 | D:9      | Reached skill level 5 in Summonings
 10394 | D:9      | Reached skill level 5 in Necromancy
 10394 | D:9      | Reached skill level 5 in Translocations
 10394 | D:9      | Reached skill level 5 in Transmutations
 10394 | D:9      | Reached skill level 5 in Fire Magic
 10394 | D:9      | Reached skill level 5 in Ice Magic
 10394 | D:9      | Reached skill level 5 in Air Magic
 10394 | D:9      | Reached skill level 5 in Earth Magic
 10394 | D:9      | Reached skill level 5 in Poison Magic
 10402 | D:9      | Reached XP level 11. HP: 89/89 MP: 20/20
 11283 | D:10     | Entered Level 10 of the Dungeon
 11313 | D:9      | Paralysed by a hornet for 1 turns
 11518 | Lair:1   | Entered Level 1 of the Lair of Beasts
 13340 | Lair:2   | Noticed a catoblepas
 13346 | Lair:2   | a catoblepas changed into a black mamba
 14013 | Lair:2   | Reached XP level 12. HP: 92/97 MP: 22/22
 14884 | Lair:3   | Noticed a boulder beetle
 14947 | Lair:3   | Killed a boulder beetle
 14948 | Lair:3   | Reached skill level 10 in Fighting
 14948 | Lair:3   | Reached skill level 10 in Armour
 14948 | Lair:3   | Reached skill level 10 in Shields
 15291 | Lair:3   | Found a staircase to the Snake Pit.
 15703 | Lair:3   | Found a staircase to the Swamp.
 16412 | Lair:4   | Noticed a catoblepas
 16426 | Lair:4   | Killed a catoblepas
 16427 | Lair:4   | Noticed Kirke
 16466 | Lair:3   | Killed Kirke
 18061 | Lair:4   | Reached XP level 13. HP: 71/96 MP: 25/25
 18148 | Lair:4   | Slain by a komodo dragon

Illustrated notes

Levels and vault maps discovered:
D:1:      dpeg_arrival_tiny_a, layout_loops_ring
D:2:      layout_basic, uniq_crazy_yiuf_cottage
D:3:      layout_basic, minmay_misc_feat_x, uniq_terence
D:4:      layout_rooms, mainiacjoe_overflow_tiny_flanked, lemuel_tele_altar,
          okawaru_trees_2, serial_park_tiny_1, wad_floor_pattern_2,
          hangedman_glass_teeth, nicolae_concentric_dashed_squares_mild,
          uniq_menkaure
D:5:      layout_rooms, minmay_temple_entry_butterflies,
          hangedman_abyss_or_decor_slice
D:6:      minmay_clustersquares, layout_basic,
          mainiacjoe_overflow_catwalk_spiral, portal_sewer_entry_c,
          minivault_11, due_unseen_surprise, uniq_grinder, uniq_duvessa
D:7:      layout_rooms
D:8:      layout_basic, nicolae_overflow_crystal_walls, lair_entry_dummy,
          centaur_isle, uniq_psyche, uniq_maurice, uniq_grum
D:9:      layout_stronghold, orc_0_dummy, minmay_stone_trees_medium
D:10:     cheibrodos_fzero, layout_gridville, nicolae_tso_carved_into_rock,
          corexii_hall_statues_s
Temple:   hellmonk_temple_divided_pantheon
Lair:1:   layout_gridlike
Lair:2:   layout_gridlike, nicolae_lair_grove_arrangements
Lair:3:   layout_regular_city, nicolae_swamp_entry_splash_gauntlet,
          nicolae_snake_entry_warm_welcome
Lair:4:   layout_cave_pods, slime_entry_2, infiniplex_staircase_pool_2,
          uniq_rupert, uniq_kirke

Skill      XL: |  1  2  3  4  5  6  7  8  9 10 11 12 13 |
---------------+----------------------------------------+-----
Invocations    | 1 2 3 4 5 6 7 8 9 |  9.0
Short Blades   | 1 2 3 5 6 7 8 |  8.2
Long Blades    | 1 2 3 5 6 7 8 |  8.2
Axes           | 1 2 3 5 6 7 8 |  8.2
Polearms       | 1 2 3 5 6 7 8 |  8.2
Staves         | 1 2 3 5 6 7 8 |  8.2
Ranged Weapons | 1 2 3 5 6 7 8 |  8.2
Throwing       | 1 2 3 5 6 7 8 |  8.2
Dodging        | 1 2 3 5 6 7 8 |  8.2
Stealth        | 1 2 3 5 6 7 8 |  8.2
Unarmed Combat | 1 2 3 5 6 7 8 |  8.2
Spellcasting   | 1 2 3 5 6 7 8 |  8.2
Evocations     | 1 2 3 5 6 7 8 |  8.2
Conjurations   | 1 2 3 4 5 6 |  6.8
Hexes          | 1 2 3 4 5 6 |  6.8
Summonings     | 1 2 3 4 5 6 |  6.8
Necromancy     | 1 2 3 4 5 6 |  6.8
Translocations | 1 2 3 4 5 6 |  6.8
Transmutations | 1 2 3 4 5 6 |  6.8
Fire Magic     | 1 2 3 4 5 6 |  6.8
Ice Magic      | 1 2 3 4 5 6 |  6.8
Air Magic      | 1 2 3 4 5 6 |  6.8
Earth Magic    | 1 2 3 4 5 6 |  6.8
Poison Magic   | 1 2 3 4 5 6 |  6.8
Maces & Flails | 5 6 7 8 9 |  9.4
Fighting       | 7 8 9 10 | 10.5
Armour         | 7 8 9 10 | 10.5
Shields        | 7 8 9 10 | 10.5

Action                     |  1- 3 |  4- 6 |  7- 9 | 10-12 | 13-15 || total
---------------------------+-------+-------+-------+-------+-------++-------
  Melee: Flail             |   105 |   143 |   533 |   794 |    36 ||  1611
         Bite              |     6 |    12 |    57 |   107 |     7 ||   189
         Unarmed           |       |       |       |    25 |       ||    25
 Invoke: Potion Petition   |       |       |       |     5 |       ||     5
  Evoke: Wand              |       |       |     5 |    41 |       ||    46
         Phial of floods   |       |       |       |     1 |       ||     1
    Use: Potion            |       |     4 |     8 |    10 |     2 ||    24
         Scroll            |       |       |    13 |    19 |       ||    32
   Stab: Distracted        |       |       |     1 |     3 |       ||     4
         Sleeping          |       |       |     1 |       |       ||     1
         Invisible         |       |       |       |     4 |       ||     4
         Petrified         |       |       |       |     6 |       ||     6
 Armour: Scale mail        |    28 |    65 |   196 |       |       ||   289
         Skin              |       |    16 |       |     1 |       ||    17
         Plate armour      |       |       |    50 |   541 |    21 ||   612
  Dodge: Dodged            |    47 |    60 |   270 |   364 |    14 ||   755
  Block: Buckler           |    32 |    39 |   202 |    92 |       ||   365
         Kite shield       |       |       |       |   499 |    28 ||   527

Table legend: (Time is in decaauts)
 A = Elapsed time spent in this place.
 B = Non-inter-level travel time spent in this place.
 C = Inter-level travel time spent in this place.
 D = Time resting spent in this place.
 E = Time spent auto-exploring this place.
 F = Levels seen in this place.
 G = Mean time per level.
                   A        B        C        D        E       F      G
               +--------+--------+--------+--------+--------+-----+--------+
         Total |  18418 |  17741 |    677 |   5753 |   7923 |  16 | 1151.1 |
       Dungeon |  10864 |  10254 |    610 |   3010 |   4814 |  10 | 1086.4 |
        Temple |     42 |     42 |      0 |      0 |      3 |   1 |   42.0 |
          Lair |   6747 |   6681 |     66 |   2743 |   2734 |   4 | 1686.8 |
         Sewer |    764 |    764 |      0 |      0 |    371 |   1 |  764.0 |
               +--------+--------+--------+--------+--------+-----+--------+

Top non-repeatable levels by time:
  Lair:3: 2533 daAuts
     D:8: 2119 daAuts
  Lair:1: 1685 daAuts
     D:9: 1572 daAuts
  Lair:2: 1364 daAuts
     D:3: 1301 daAuts
     D:6: 1268 daAuts
     D:5: 1217 daAuts
  Lair:4: 1164 daAuts
     D:2: 1006 daAuts
     D:4: 1001 daAuts
   Sewer: 764 daAuts
     D:1: 747 daAuts
     D:7: 610 daAuts
  Temple: 42 daAuts
